[Event "January 2 Late 2024"]
[Site "https://www.chess.com"]
[Date "2024.01.02"]
[Round "1"]
[White "Micic, Aleksa"]
[Black "Pakleza, Zbigniew"]
[Result "0-1"]
[Board "68"]
[TimeControl "180+1"]
[WhiteFideId "989940"]
[BlackFideId "1119290"]
[WhiteElo "2441"]
[BlackElo "2816"]
[WhiteTeam "SRB"]
[BlackTeam "POL"]
[WhiteClock "0:01:18"]
[BlackClock "0:01:05"]

1. e4 d6 2. d4 Nf6 3. Bd3 e5 4. Nf3 exd4 5. Nxd4 Nbd7 6. Nc3 Nc5 7. O-O Be7 8. Re1 Nxd3 9. Qxd3 O-O 10. Bg5 Re8 11. Rad1 c6 12. Qf3 Qa5 13. Nf5 Bxf5 14. exf5 d5 15. Re2 h6 16. Bh4 Qb4 17. Rde1 Qxh4 18. Rxe7 Rxe7 19. Rxe7 Ng4 20. g3 Qxe7 21. Qxg4 Re8 22. h4 b5 23. a3 a5 24. b4 Qe1+ 0-1

[Event "January 2 Late 2024"]
[Site "https://www.chess.com"]
[Date "2024.01.02"]
[Round "1"]
[White "Lysyj, Igor"]
[Black "Mizzi, Jack"]
[Result "1-0"]
[Board "69"]
[TimeControl "180+1"]
[WhiteFideId "4150120"]
[BlackFideId "5602521"]
[WhiteElo "2816"]
[BlackElo "2439"]
[WhiteTeam "FID"]
[BlackTeam "MLT"]
[WhiteClock "0:00:20"]
[BlackClock "0:00:03"]

1. d4 Nf6 2. c4 e6 3. Nf3 d5 4. g3 dxc4 5. Bg2 Bd7 6. Ne5 Bc6 7. Nxc6 Nxc6 8. e3 Qd7 9. Nd2 O-O-O 10. Nxc4 Bb4+ 11. Bd2 Bxd2+ 12. Qxd2 e5 13. Na5 e4 14. Nb3 Rhe8 15. O-O Qd5 16. Rfc1 Nd7 17. Qe1 f5 18. Nc5 g5 19. b4 Nxc5 20. Rxc5 Qf7 21. Rac1 Rd5 22. Qc3 Rxc5 23. Qxc5 Rd8 24. Bf1 Rd5 25. Qc3 Qe7 26. b5 Nd8 27. a4 f4 28. Bh3+ Kb8 29. Qc4 Qd6 30. Bg2 f3 31. Bf1 g4 32. Qc2 Qe7 33. Qb3 Rd6 34. Qg8 Rg6 35. Qh8 Rg7 36. Rc5 Kc8 37. Re5 Qf7 38. Re8 Qd7 39. Rxd8+ Qxd8 40. Qxg7 Qd7 41. Qg8+ Qd8 42. Qxg4+ Kb8 43. Qxe4 1-0

[Event "January 2 Late 2024"]
[Site "https://www.chess.com"]
[Date "2024.01.02"]
[Round "1"]
[White "Federzoni, Enzo"]
[Black "Costachi, Mihnea"]
[Result "0-1"]
[Board "70"]
[TimeControl "180+1"]
[WhiteFideId "2173301"]
[BlackFideId "1217518"]
[WhiteElo "2439"]
[BlackElo "2815"]
[WhiteTeam "BRA"]
[BlackTeam "ROU"]
[WhiteClock "0:00:11"]
[BlackClock "0:02:03"]

1. d4 Nf6 2. Nc3 d5 3. Bf4 c5 4. e3 cxd4 5. exd4 Bg4 6. Be2 Bxe2 7. Ngxe2 Nc6 8. O-O e6 9. Nc1 Bd6 10. Nd3 Nxd4 11. Ne5 Nc6 12. Re1 Nxe5 13. Bxe5 Bxe5 14. Rxe5 O-O 15. Ne2 Qb6 16. Re3 Ng4 17. Rf3 Rac8 18. h3 Ne5 19. Rb3 Qc6 20. Nd4 Qd7 21. Rg3 Nc6 22. c3 e5 23. Nc2 d4 24. cxd4 Nxd4 25. Nxd4 exd4 26. Rd3 Rfd8 27. Rc1 Rxc1 28. Qxc1 h6 29. Qc5 b6 30. Qe5 Qd5 31. Qxd5 Rxd5 32. Kf1 f5 33. Ke2 Kf7 34. Ra3 a5 35. Kd3 Ke6 36. Rb3 b5 37. f4 g5 38. g3 Kd6 39. a4 b4 40. Kc4 Rc5+ 41. Kxd4 Rc1 42. Rd3 gxf4 43. gxf4 Rf1 44. Kc4+ Kc6 45. Rd4 Rf3 46. Rd3 Rxf4+ 47. Kb3 Rh4 48. Rg3 Kd5 49. Kc2 f4 50. Rd3+ Ke4 51. Rd8 Rxh3 52. Ra8 Rh5 53. Re8+ Re5 54. Rh8 f3 55. Rxh6 f2 56. Rh1 Ke3 0-1

[Event "January 2 Late 2024"]
[Site "https://www.chess.com"]
[Date "2024.01.02"]
[Round "1"]
[White "Czarnota, Pawel"]
[Black "Hoeffer, David"]
[Result "1-0"]
[Board "71"]
[TimeControl "180+1"]
[WhiteFideId "1121219"]
[BlackFideId "24606766"]
[WhiteElo "2814"]
[BlackElo "2439"]
[WhiteTeam "POL"]
[BlackTeam "GER"]
[WhiteClock "0:01:49"]
[BlackClock "0:01:08"]

1. e4 e5 2. Nf3 Nc6 3. Bb5 a6 4. Bxc6 dxc6 5. O-O Bg4 6. h3 Bh5 7. g4 Bg6 8. Nxe5 Bd6 9. Nxg6 hxg6 10. Qf3 Qd7 11. d3 O-O-O 12. Nd2 f5 13. exf5 gxf5 14. Qxf5 Qxf5 15. gxf5 Rxh3 16. Ne4 Ne7 17. Bg5 Kd7 18. Nxd6 cxd6 19. Rfe1 Re8 20. Bxe7 Rxe7 21. Rxe7+ Kxe7 22. Re1+ Kd7 23. Re6 Rf3 24. Rg6 Rxf5 25. Rxg7+ Kc8 26. Kg2 b5 27. Kg3 a5 28. f4 a4 29. a3 Kd8 30. Kg4 Rc5 31. c3 Rd5 32. d4 c5 33. Rg5 Rxg5+ 34. fxg5 1-0

[Event "January 2 Late 2024"]
[Site "https://www.chess.com"]
[Date "2024.01.02"]
[Round "1"]
[White "Bouget, Alexandre"]
[Black "Cabarkapa, Novak"]
[Result "0-1"]
[Board "72"]
[TimeControl "180+1"]
[WhiteFideId "681318"]
[BlackFideId "943746"]
[WhiteElo "2438"]
[BlackElo "2813"]
[WhiteTeam "FRA"]
[BlackTeam "SRB"]
[WhiteClock "0:00:42"]
[BlackClock "0:01:31"]

1. d4 g6 2. h4 Nf6 3. Nc3 d5 4. Bg5 Bg7 5. Qd2 c6 6. Bxf6 Bxf6 7. h5 b5 8. hxg6 hxg6 9. Rxh8+ Bxh8 10. Nf3 Qa5 11. Qh6 Bf6 12. Qh7 b4 13. Qg8+ Kd7 14. Nd1 b3+ 15. c3 Qxa2 16. Rc1 Kc7 17. Qxf7 Bf5 18. Ne5 Nd7 19. g4 Rf8 20. Qh7 Bc2 21. Qh6 Bxe5 22. dxe5 Bxd1 23. Rxd1 Qxb2 24. e6 Qxc3+ 25. Qd2 Qxd2+ 26. Rxd2 Nc5 27. e3 a5 0-1

[Event "January 2 Late 2024"]
[Site "https://www.chess.com"]
[Date "2024.01.02"]
[Round "1"]
[White "Seemann, Jakub"]
[Black "ADEBAYO, Adegboyega Joel"]
[Result "1-0"]
[Board "73"]
[TimeControl "180+1"]
[WhiteFideId "21874697"]
[BlackFideId "8500282"]
[WhiteElo "2809"]
[BlackElo "2438"]
[WhiteTeam "POL"]
[BlackTeam "NGR"]
[WhiteClock "0:00:13"]
[BlackClock "0:00:19"]

1. d4 c5 2. d5 e6 3. Nc3 a6 4. a4 Nf6 5. Nf3 d6 6. e4 exd5 7. exd5 Be7 8. Be2 O-O 9. O-O Nbd7 10. Nd2 Re8 11. Nc4 Nb6 12. Na3 Bf8 13. a5 Nbd7 14. Nc4 Ne5 15. Nxe5 Rxe5 16. Bf4 Re8 17. h3 Bf5 18. Bd3 Ne4 19. Nxe4 Bxe4 20. Ra4 Bg6 21. Bxg6 hxg6 22. Qd3 Qf6 23. b3 Qf5 24. Qd2 Rac8 25. Rc4 Re4 26. g4 Qxf4 27. Qxf4 Rxf4 28. Rxf4 Re8 29. Rd1 Re2 30. Rc4 Be7 31. Kf1 Re5 32. f3 Bd8 33. Re4 Rxe4 34. fxe4 Bxa5 35. Ke2 Bc3 36. Kd3 Bf6 37. c3 g5 38. b4 cxb4 39. cxb4 Kf8 40. Rc1 Bd8 41. Rc8 Ke7 42. Ra8 Kd7 43. Kc4 Kc7 44. b5 axb5+ 45. Kxb5 Kd7 46. Ra1 f6 47. Rh1 Ke7 48. Kc4 Kd7 49. Rh2 Kc7 50. h4 gxh4 51. Rxh4 Kc8 52. Rh7 g5 53. Kb5 Bc7 54. Rf7 Bd8 55. Kc4 Kb8 56. Kd3 Kc8 57. Kd4 Kb8 58. e5 fxe5+ 59. Ke4 Kc8 60. Kf5 b5 61. Ke6 Bc7 62. Kf5 Kb7 63. Kxg5 b4 64. Rf1 Kb6 65. Kf5 Bd8 66. g5 Bxg5 67. Kxg5 Kc5 68. Rd1 b3 69. Kf5 Kc4 70. Ke6 e4 71. Kxd6 e3 72. Kc6 e2 73. Rh1 b2 74. d6 Kd3 75. d7 Kc2 76. d8=Q b1=Q 77. Rxb1 Kxb1 78. Qd2 1-0

[Event "January 2 Late 2024"]
[Site "https://www.chess.com"]
[Date "2024.01.02"]
[Round "1"]
[White "Salman, Ilhan Serhat"]
[Black "Chirilov, James A"]
[Result "0-1"]
[Board "74"]
[TimeControl "180+1"]
[WhiteFideId "6361579"]
[BlackFideId "30976677"]
[WhiteElo "2438"]
[BlackElo "2808"]
[WhiteTeam "TUR"]
[BlackTeam "USA"]
[WhiteClock "0:00:44"]
[BlackClock "0:00:08"]

1. d4 Nf6 2. Bg5 Ne4 3. h4 c5 4. dxc5 Nxc5 5. Nf3 Nc6 6. e3 Ne4 7. Nbd2 Nxg5 8. hxg5 g6 9. c3 Bg7 10. Qc2 d5 11. O-O-O Qa5 12. Kb1 e5 13. Nb3 Qc7 14. Rxd5 Be6 15. Rd2 O-O 16. Be2 Rfd8 17. Rhd1 Rxd2 18. Rxd2 Qb6 19. Qd1 a5 20. Nc1 a4 21. Rd6 Qc5 22. Rd2 a3 23. Nd3 Qb6 24. b3 e4 25. Nd4 exd3 26. Bxd3 Ne5 27. Qc2 Rc8 28. Qc1 Nxd3 29. Rxd3 Bxd4 30. Rxd4 Qc5 31. Qd2 Qxc3 32. Qxc3 Rxc3 33. Ra4 Bf5+ 34. e4 Bd7 35. Rxa3 Bc6 36. f3 Re3 37. Ra5 Re1+ 38. Kb2 Re2+ 39. Kc3 Rxg2 40. Kd4 Kg7 41. Ke3 f6 42. gxf6+ Kxf6 43. b4 Rb2 44. a3 h5 45. Kf4 Bd7 46. Ra7 g5+ 47. Ke3 h4 48. Rxb7 Ke7 49. Rb6 Be6 50. Rb7+ Kf6 51. Rh7 Kg6 52. Rh8 Kg7 53. Rh5 Kg6 54. Rh8 h3 55. f4 Rb3+ 56. Kd4 gxf4 57. Ke5 Kg7 58. Rh4 f3 59. Kxe6 f2 60. Rg4+ Kh6 61. Rf4 h2 62. Rf6+ Kg5 63. Rf8 h1=Q 64. Rg8+ Kf4 65. Rf8+ Kxe4 0-1

[Event "January 2 Late 2024"]
[Site "https://www.chess.com"]
[Date "2024.01.02"]
[Round "1"]
[White "Pichot, Alan"]
[Black "Urbina Perez, Juan Antonio"]
[Result "1-0"]
[Board "75"]
[TimeControl "180+1"]
[WhiteFideId "110973"]
[BlackFideId "2217368"]
[WhiteElo "2806"]
[BlackElo "2437"]
[WhiteTeam "ESP"]
[BlackTeam "ESP"]
[WhiteClock "0:00:05"]
[BlackClock "0:00:00"]

1. Nf3 d5 2. b3 Bf5 3. Bb2 e6 4. e3 Nf6 5. Be2 h6 6. O-O c6 7. c4 Nbd7 8. h3 Bd6 9. d3 Qe7 10. Nbd2 Ba3 11. Qc1 Bxb2 12. Qxb2 O-O 13. b4 Rfd8 14. a3 e5 15. cxd5 cxd5 16. Rac1 Rac8 17. Rfd1 Bg6 18. Nb3 b6 19. d4 e4 20. Ne5 Rxc1 21. Rxc1 Nxe5 22. dxe5 Nd7 23. Rc7 a5 24. Qd4 Qe6 25. Bg4 Bf5 26. Bxf5 Qxf5 27. Qxd5 Qxe5 28. Qxe5 Nxe5 29. bxa5 bxa5 30. Nxa5 Rd1+ 31. Kh2 Nd3 32. Rc2 Ra1 33. Nc4 g6 34. Rd2 f5 35. f3 Rc1 36. Nd6 exf3 37. gxf3 Ne5 38. Kg2 Ra1 39. f4 Nf7 40. Nc4 Rc1 41. Rd4 Ra1 42. Kf2 g5 43. Rd5 Ra2+ 44. Kf3 gxf4 45. exf4 Rc2 46. Ne3 Rc3 47. a4 Ra3 48. a5 Kg7 49. Rxf5 Kg6 50. Rd5 h5 51. Ke4 Ra4+ 52. Kf3 Kf6 53. Rxh5 Nd6 54. Rd5 Ke6 55. Re5+ Kf7 56. h4 Ra3 57. Kg4 Ne8 58. h5 Nf6+ 59. Kg5 Nd7 60. Rf5+ Ke6 61. Ng4 Ra4 62. h6 Ke7 63. h7 1-0

[Event "January 2 Late 2024"]
[Site "https://www.chess.com"]
[Date "2024.01.02"]
[Round "1"]
[White "Jaque Gutierrez, Matias"]
[Black "Lashkin, Jegor"]
[Result "0-1"]
[Board "76"]
[TimeControl "180+1"]
[WhiteFideId "3426980"]
[BlackFideId "13907808"]
[WhiteElo "2435"]
[BlackElo "2791"]
[WhiteTeam "CHI"]
[BlackTeam "MDA"]
[WhiteClock "0:00:00"]
[BlackClock "0:00:25"]

1. Nf3 d5 2. c4 d4 3. e3 Nc6 4. exd4 Nxd4 5. Nxd4 Qxd4 6. d3 g6 7. Nc3 c6 8. Be3 Qd8 9. d4 Nh6 10. Be2 Nf5 11. O-O Bg7 12. d5 Nxe3 13. fxe3 O-O 14. Kh1 Qd6 15. dxc6 bxc6 16. Qxd6 exd6 17. Bf3 Bb7 18. Rfd1 Be5 19. Ne4 Rfd8 20. Rab1 a5 21. b3 Rac8 22. Nf2 Ba6 23. Nd3 Bg7 24. Rbc1 Kf8 25. Ne1 Ke7 26. Nc2 Bb7 27. Nd4 Kd7 28. Rc2 Re8 29. Nb5 Be5 30. Nxd6 Bxd6 31. c5 Rxe3 32. Rxd6+ Kc7 33. h3 Rce8 34. Rcd2 R8e7 35. Bg4 f5 36. Bf3 Rc3 37. Rf6 Rxc5 38. Rf8 Rce5 39. Kh2 Rd7 40. Rxd7+ Kxd7 41. Rb8 Kc7 42. Rf8 Re7 0-1

[Event "January 2 Late 2024"]
[Site "https://www.chess.com"]
[Date "2024.01.02"]
[Round "1"]
[White "Lagarde, Maxime"]
[Black "Spichkin, Alexander"]
[Result "1-0"]
[Board "77"]
[TimeControl "180+1"]
[WhiteFideId "662399"]
[BlackFideId "4144074"]
[WhiteElo "2786"]
[BlackElo "2435"]
[WhiteTeam "FRA"]
[BlackTeam "RUS"]
[WhiteClock "0:01:08"]
[BlackClock "0:02:15"]

1. d4 e6 2. c4 f5 3. g3 Nf6 4. Bg2 Be7 5. Nh3 O-O 6. O-O d6 7. Nc3 c6 8. d5 cxd5 9. cxd5 e5 10. Ng5 Na6 11. Ne6 Bxe6 12. dxe6 Nc5 13. Bg5 Kh8 14. Bxf6 Bxf6 15. Qd5 Rb8 16. b4 Na6 17. Qb3 e4 18. Rad1 Nc7 19. Rd2 Bxc3 20. Qxc3 Nxe6 21. Rfd1 Qe7 22. Rxd6 Rfd8 23. Qe5 Qe8 24. Qxe6 Qxe6 25. Rxd8+ Qg8 26. Rxg8+ Rxg8 27. g4 g6 28. Rd7 Rg7 29. Rd8+ Rg8 30. Rxg8+ Kxg8 31. gxf5 gxf5 32. Bh3 f4 33. e3 Kf7 34. Bf5 Kf6 35. Bxe4 Ke5 36. Bxb7 1-0

[Event "January 2 Late 2024"]
[Site "https://www.chess.com"]
[Date "2024.01.02"]
[Round "1"]
[White "Morales Garcia, Sergio Joshafatt"]
[Black "Chiu, Isaac"]
[Result "0-1"]
[Board "78"]
[TimeControl "180+1"]
[WhiteFideId "5106249"]
[BlackFideId "30900654"]
[WhiteElo "2434"]
[BlackElo "2785"]
[WhiteTeam "MEX"]
[BlackTeam "USA"]
[WhiteClock "0:00:00"]
[BlackClock "0:01:20"]

1. d4 e6 2. c4 Bb4+ 3. Nd2 d5 4. Qa4+ Nc6 5. cxd5 exd5 6. Nf3 Nf6 7. a3 Bd6 8. e3 O-O 9. Bd3 Ne7 10. h3 Bf5 11. Qc2 Qd7 12. O-O Rac8 13. Ne5 Qe6 14. Nef3 h6 15. b4 c6 16. Bb2 Bxd3 17. Qxd3 Ne4 18. Ne5 f6 19. Nxe4 fxe5 20. Nxd6 e4 21. Nxe4 dxe4 22. d5 Nxd5 23. Qd4 Qg6 24. Rac1 Rcd8 25. Rfd1 Nf4 26. Qc4+ Nd5 27. Rd4 Rde8 28. b5 Re6 29. bxc6 bxc6 30. Qc2 Kh7 31. Rc4 Ne7 0-1

[Event "January 2 Late 2024"]
[Site "https://www.chess.com"]
[Date "2024.01.02"]
[Round "1"]
[White "Goltsev, Dmitry"]
[Black "Dobrijevic, Milan"]
[Result "1-0"]
[Board "79"]
[TimeControl "180+1"]
[WhiteFideId "24176710"]
[BlackFideId "931632"]
[WhiteElo "2783"]
[BlackElo "2433"]
[WhiteTeam "RUS"]
[BlackTeam "SRB"]
[WhiteClock "0:00:23"]
[BlackClock "0:00:18"]

1. e4 c5 2. Nf3 g6 3. d4 cxd4 4. Qxd4 Nf6 5. Nc3 Nc6 6. Qa4 d6 7. e5 dxe5 8. Nxe5 Bd7 9. Nxd7 Qxd7 10. Bb5 Bg7 11. O-O O-O 12. Rd1 Qc7 13. Bg5 Rfd8 14. Qh4 Rxd1+ 15. Rxd1 Rd8 16. Rxd8+ Qxd8 17. h3 Nd4 18. Bd3 Ne6 19. Be3 a6 20. Qb4 Qd7 21. Qb6 Qc7 22. Ne4 Nd5 23. Qxc7 Nexc7 24. Bc1 Nb4 25. a3 Nxd3 26. cxd3 Bd4 27. b4 Nb5 28. a4 Nc3 29. Nxc3 Bxc3 30. b5 axb5 31. axb5 f5 32. Kf1 Kf7 33. Ke2 Ke6 34. Ba3 Bd4 35. f3 Kd7 36. Kd2 e6 37. Kc2 Kc7 38. Kb3 Kb6 39. Kc4 Be3 40. Bb4 Bf2 41. d4 Be3 42. Be7 Ka5 43. Kc5 Bc1 44. Bd8+ Ka4 45. Kb6 Be3 46. Bf6 Kb4 47. Be5 Kc4 48. Kxb7 Kxb5 49. Kc7 Kc4 50. Kd6 Bxd4 51. Kxe6 Be3 52. Kf7 Kd3 53. Kg7 Ke2 54. Kxh7 g5 55. Kg6 Kf2 56. Kxf5 Kxg2 57. Kg4 Bd2 58. Bf6 Kf2 59. Bxg5 Bc3 60. h4 Ke2 61. h5 Kd3 62. Kf5 Kc4 63. h6 Kd5 64. h7 Kd6 65. Bf6 Bxf6 66. Kxf6 1-0

[Event "January 2 Late 2024"]
[Site "https://www.chess.com"]
[Date "2024.01.02"]
[Round "1"]
[White "Suich, Peter D"]
[Black "Troff, Kayden"]
[Result "0-1"]
[Board "80"]
[TimeControl "180+1"]
[WhiteFideId "2050366"]
[BlackFideId "2047896"]
[WhiteElo "2431"]
[BlackElo "2781"]
[WhiteTeam "USA"]
[BlackTeam "USA"]
[WhiteClock "0:00:15"]
[BlackClock "0:00:09"]

1. d4 Nf6 2. c4 g6 3. g3 c6 4. Qa4 d5 5. cxd5 Nxd5 6. Bg2 Bg7 7. Nf3 O-O 8. O-O Nd7 9. Nc3 Qb6 10. Nd2 Qxd4 11. Qxd4 Bxd4 12. Nxd5 cxd5 13. Bxd5 Nb6 14. Bg2 Be6 15. Nb3 Bf6 16. Bxb7 Rab8 17. Bg2 Na4 18. Be3 Bxb2 19. Bxa7 Rbc8 20. Rab1 Bf6 21. Rbc1 Nc3 22. Bf3 Nxa2 23. Rxc8 Rxc8 24. Nd4 Bc4 25. Re1 Rc7 26. Bb6 Rd7 27. e3 Bd5 28. Bg4 e6 29. Bc5 h5 30. Bh3 Nc3 31. Bg2 Ne4 32. Rc1 Nxc5 33. Rxc5 Bxg2 34. Kxg2 Bxd4 35. exd4 Rxd4 36. Rc8+ Kg7 37. h4 Rd5 38. Rc7 Rf5 39. Rb7 Kf6 40. Rc7 Rd5 41. Rb7 Rd8 42. Rc7 Re8 43. Rb7 Re7 44. Rb6 Rd7 45. Rc6 Kf5 46. Rb6 e5 47. Rb5 f6 48. Ra5 Rd6 49. Rb5 Ke4 50. Rb4+ Kd5 51. Rb5+ Ke6 52. Ra5 Kf5 53. Rb5 g5 54. hxg5 Kxg5 55. Ra5 Rd4 56. Rb5 Rg4 57. Ra5 h4 58. Kf3 hxg3 59. fxg3 Rb4 60. Ra3 Rd4 61. Rb3 Kf5 62. Rc3 Rb4 63. Ra3 Rd4 64. Rb3 Kg5 65. Rb5 Rd3+ 66. Kf2 Kf5 67. Rb4 Kg5 68. Ra4 f5 69. Ra8 Rd2+ 70. Ke3 Rb2 71. Rg8+ Kf6 72. Rf8+ Kg6 73. Re8 e4 74. Rg8+ Kf6 75. Rf8+ Kg6 76. Rg8+ Kf7 77. Rg5 Kf6 78. Rg8 Rg2 79. Rf8+ Ke6 80. Kf4 Rf2+ 81. Kg5 Rf3 82. Re8+ Kd5 83. Rd8+ Ke5 84. Re8+ Kd4 85. Rd8+ Ke3 86. Rd5 Kf2 87. Rd2+ Kxg3 88. Rd8 e3 89. Re8 Kf2 0-1

[Event "January 2 Late 2024"]
[Site "https://www.chess.com"]
[Date "2024.01.02"]
[Round "1"]
[White "Krzyzanowski, Marcin"]
[Black "Xie, Bryan"]
[Result "1-0"]
[Board "81"]
[TimeControl "180+1"]
[WhiteFideId "1132199"]
[BlackFideId "30941296"]
[WhiteElo "2779"]
[BlackElo "2429"]
[WhiteTeam "POL"]
[BlackTeam "USA"]
[WhiteClock "0:00:06"]
[BlackClock "0:00:00"]

1. e4 c5 2. Nf3 e6 3. c3 Nf6 4. e5 Nd5 5. d4 cxd4 6. cxd4 d6 7. Bd3 Be7 8. O-O O-O 9. a3 Bd7 10. Qe2 Bc6 11. Nc3 Nd7 12. Ne4 dxe5 13. dxe5 h6 14. Rd1 Qc7 15. Ng3 Rac8 16. Bxh6 gxh6 17. Qe4 N5f6 18. Qh4 Nxe5 19. Nxe5 Qxe5 20. Qxh6 Rfd8 21. Re1 Qd5 22. Ne4 Qxd3 23. Nxf6+ Bxf6 24. Qxf6 Qg6 25. Qxg6+ fxg6 26. Rxe6 Kf7 27. Re3 Rd2 28. b4 Rcd8 29. h4 Rd1+ 30. Rxd1 Rxd1+ 31. Kh2 Kf6 32. Kg3 Kf5 33. f3 Rc1 34. f4 Rc4 35. Re5+ Kf6 36. Re3 Bb5 37. Kh3 Rd4 38. g3 Rd3 39. Re5 a6 40. h5 gxh5 41. Kh4 Rxa3 42. Rxh5 Ra1 43. Rh6+ Kg7 44. Rd6 Be2 45. Kg5 Rb1 46. Rd7+ Kf8 47. f5 Rxb4 48. Kf6 Ke8 49. Re7+ Kf8 50. Rxe2 Rg4 51. Rc2 Ke8 52. Re2+ Kf8 53. Re3 b5 54. Ra3 1-0

[Event "January 2 Late 2024"]
[Site "https://www.chess.com"]
[Date "2024.01.02"]
[Round "1"]
[White "Seletsky, Grigory"]
[Black "Wieczorek, Oskar"]
[Result "0-1"]
[Board "82"]
[TimeControl "180+1"]
[WhiteFideId "14112191"]
[BlackFideId "1133950"]
[WhiteElo "2429"]
[BlackElo "2768"]
[WhiteTeam "UKR"]
[BlackTeam "POL"]
[WhiteClock "0:00:00"]
[BlackClock "0:00:05"]

1. e4 c5 2. Nc3 e6 3. f4 Nc6 4. Nf3 Nge7 5. Bb5 a6 6. Bxc6 Nxc6 7. d3 Be7 8. O-O d5 9. Qe2 O-O 10. e5 f5 11. Nd1 d4 12. c4 b5 13. b3 Bb7 14. Nf2 Kh8 15. Bd2 Qd7 16. a4 bxc4 17. dxc4 Nb4 18. Nd3 Nxd3 19. Qxd3 Be4 20. Qe2 d3 21. Qe3 Rab8 22. Rab1 Rb7 23. Rfc1 Rfb8 24. Rc3 Bd8 25. Ng5 Bxg5 26. fxg5 Qd4 27. Rb2 Qxe5 28. Qf4 Qd4+ 29. Qe3 e5 30. Kf1 f4 31. Qf2 Bg6 32. h4 Rf8 33. h5 Bxh5 34. Qxd4 Be2+ 35. Kf2 cxd4 36. Rc1 e4 37. Ke1 e3 38. c5 exd2+ 39. Kxd2 a5 40. c6 Rb6 41. b4 axb4 42. a5 Ra6 43. c7 Rc8 44. Rc5 Kg8 45. Rxb4 Raa8 46. Rxd4 Kf7 47. Rxf4+ Kg6 48. Rd4 Ra6 49. Rd8 Raa8 50. Rd6+ Kf7 51. Rd7+ Ke6 52. Rxg7 Kd6 53. Rb5 Rxc7 54. Rb6+ Rc6 55. Rxh7 Rxb6 56. axb6 Ra2+ 57. Ke3 Bf1 58. b7 Rb2 59. g6 d2 60. b8=Q+ Rxb8 61. Kxd2 Rg8 62. Rh6 Bxg2 63. Ke3 Ke5 64. Kf2 Be4 65. Ke3 Bxg6 66. Rh4 Ra8 67. Ke2 Ra3 68. Rb4 Be4 69. Rb8 Kd4 70. Rd8+ Bd5 71. Re8 Ra2+ 72. Kf1 Rb2 73. Ke1 Kd3 74. Kf1 Be4 75. Rh8 Ke3 76. Rh3+ Bf3 77. Kg1 Rg2+ 78. Kf1 Ra2 0-1

[Event "January 2 Late 2024"]
[Site "https://www.chess.com"]
[Date "2024.01.02"]
[Round "1"]
[White "Timmermans, Mark"]
[Black "Nielsen, Viktor Haarmark"]
[Result "1-0"]
[Board "83"]
[TimeControl "180+1"]
[WhiteFideId "1026399"]
[BlackFideId "1444492"]
[WhiteElo "2767"]
[BlackElo "2429"]
[WhiteTeam "NED"]
[BlackTeam "DEN"]
[WhiteClock "0:01:10"]
[BlackClock "0:01:30"]

1. b4 e5 2. Bb2 Bxb4 3. Bxe5 Nf6 4. Nc3 O-O 5. Bxf6 Qxf6 6. Nd5 Qd6 7. c4 Ba5 8. e3 c6 9. Nf4 Qe7 10. Be2 Re8 11. Nf3 d6 12. O-O Nd7 13. d4 Nf6 14. Bd3 Ne4 15. Qc2 Nf6 16. h3 h6 17. Rab1 d5 18. cxd5 cxd5 19. Rb5 Bc7 20. Nxd5 Nxd5 21. Rxd5 Be6 22. Rb5 Bd6 23. Bh7+ Kh8 24. Bf5 b6 25. Bxe6 Qxe6 26. d5 Qd7 27. Nd4 Rac8 28. Nc6 Rc7 29. Rbb1 Bc5 30. Rbd1 Qd6 31. Kh1 Rd7 32. e4 Qf4 33. e5 Rc8 34. Qd2 Qc4 35. Qd3 Qxa2 36. Qf5 Rcc7 37. e6 fxe6 38. dxe6 Rxd1 39. Rxd1 Rc8 40. e7 Re8 41. Rd8 Qg8 42. Qd7 1-0

[Event "January 2 Late 2024"]
[Site "https://www.chess.com"]
[Date "2024.01.02"]
[Round "1"]
[White "Musalov, Ruslan"]
[Black "Novozhilov, Semen"]
[Result "0-1"]
[Board "84"]
[TimeControl "180+1"]
[WhiteFideId "4141490"]
[BlackFideId "24289167"]
[WhiteElo "2426"]
[BlackElo "2750"]
[WhiteTeam "RUS"]
[BlackTeam "RUS"]
[WhiteClock "0:00:00"]
[BlackClock "0:01:54"]

1. e4 c5 2. Nf3 Nc6 3. d4 cxd4 4. Nxd4 Nf6 5. Nc3 d6 6. Bg5 e6 7. Qd2 a6 8. O-O-O Bd7 9. f4 b5 10. Nxc6 Bxc6 11. e5 dxe5 12. Qxd8+ Rxd8 13. Rxd8+ Kxd8 14. fxe5 h6 15. Bxf6+ gxf6 16. exf6 Rg8 17. Rg1 Bc5 18. Rh1 Rg6 19. Bd3 Rxg2 20. Ne4 Be3+ 21. Kb1 Rg4 22. Rd1 Kc7 23. Ng3 Bf4 24. Rg1 h5 25. Be2 Rg5 26. Rf1 Bxg3 27. hxg3 Kd6 28. b3 Be4 29. Kb2 Ke5 30. a4 bxa4 31. bxa4 a5 32. c4 Kd4 33. Rc1 Ke3 34. Bd1 Kd4 35. c5 Bc6 36. Be2 Rxg3 37. Bxh5 Ke5 38. Rf1 Rg2+ 39. Kc1 Bxa4 40. Bxf7 Bb5 41. Rf3 Be2 42. Re3+ Kxf6 43. Bxe6 Bb5 44. Bd5 Rg5 45. Bb3 Rxc5+ 46. Kb2 a4 47. Bc2 Kg5 48. Rc3 Rd5 49. Ka3 Be8 50. Bxa4 Ra5 51. Rc4 Kf5 52. Kb3 Bf7 53. Bc6 Rc5 54. Bd7+ Ke5 0-1

[Event "January 2 Late 2024"]
[Site "https://www.chess.com"]
[Date "2024.01.02"]
[Round "1"]
[White "Song, Ethan"]
[Black "Bellissimo, Joseph F."]
[Result "1-0"]
[Board "85"]
[TimeControl "180+1"]
[WhiteFideId "62900412"]
[BlackFideId "2609843"]
[WhiteElo "2744"]
[BlackElo "2425"]
[WhiteTeam "CAN"]
[BlackTeam "CAN"]
[WhiteClock "0:01:36"]
[BlackClock "0:00:54"]

1. e4 e6 2. d4 d5 3. Nd2 Nf6 4. e5 Nfd7 5. Bd3 c5 6. c3 Nc6 7. Ne2 cxd4 8. cxd4 f6 9. exf6 Qxf6 10. Nf3 h6 11. O-O Bd6 12. Ng3 O-O 13. Bc2 Rd8 14. Qd3 Nf8 15. a3 Bd7 16. b4 Be8 17. Bb2 Bg6 18. Qd1 Bxc2 19. Qxc2 Rac8 20. Qe2 Ng6 21. Rfe1 Nf4 22. Qe3 Ne7 23. Rac1 Nf5 24. Nxf5 Qxf5 25. Rxc8 Rxc8 26. g3 Nd3 27. Qxe6+ Qxe6 28. Rxe6 Bxb4 29. axb4 Nxb2 30. Re7 Rb8 31. Rd7 Nd3 32. b5 Nb4 33. Ne5 a5 34. bxa6 bxa6 35. Kg2 Rb5 36. Ra7 a5 37. h4 Nc2 38. Ra8+ Kh7 39. h5 g5 40. hxg6+ Kg7 41. Ra7+ Kg8 42. Ng4 Ne1+ 43. Kf1 Rb1 44. Nxh6+ Kf8 45. g7+ 1-0

[Event "January 2 Late 2024"]
[Site "https://www.chess.com"]
[Date "2024.01.02"]
[Round "1"]
[White "Perossa, Nicolas"]
[Black "Tristan, Leonardo"]
[Result "0-1"]
[Board "86"]
[TimeControl "180+1"]
[WhiteFideId "2850520"]
[BlackFideId "113816"]
[WhiteElo "2422"]
[BlackElo "2743"]
[WhiteTeam "ITA"]
[BlackTeam "ARG"]
[WhiteClock "0:00:00"]
[BlackClock "0:00:08"]

1. e4 d5 2. exd5 Qxd5 3. Nc3 Qa5 4. d4 Nf6 5. Bd2 Bg4 6. Be2 Bxe2 7. Qxe2 e6 8. O-O-O Bb4 9. a3 Bxc3 10. Bxc3 Qa6 11. Qf3 Nc6 12. Ne2 O-O-O 13. Nf4 Ne7 14. Qe2 Qxe2 15. Nxe2 Nf5 16. Be1 Rd7 17. h3 Rhd8 18. c3 c5 19. g4 Ne7 20. Bd2 cxd4 21. Nxd4 Ne4 22. Be3 Nd5 23. Rhf1 e5 24. Nc2 Nxe3 25. fxe3 Rxd1+ 26. Rxd1 Rxd1+ 27. Kxd1 Nf2+ 28. Ke2 Nxh3 29. c4 Ng5 30. b4 Kc7 31. a4 b6 32. b5 Ne6 33. Nb4 Nc5 34. Nc6 f6 35. a5 a6 36. axb6+ Kxb6 37. Ne7 axb5 38. cxb5 Kxb5 39. Nf5 Ne6 40. Nd6+ Kc6 41. Nf5 Kd7 42. Ng3 Ke7 43. Nh5 Kf7 44. Ng3 Kg6 45. Ne4 Ng5 46. Nd6 Nf7 47. Ne4 Nd8 48. Kf3 Ne6 49. Kg3 Kf7 50. Nd6+ Ke7 51. Nf5+ Kf8 52. Nd6 Ng5 53. Nf5 g6 54. Nd6 Ke7 55. Nc4 Ke6 56. Nd2 Kd5 57. Nf1 Ke4 58. Kf2 Kd3 59. Ng3 Ne4+ 60. Nxe4 Kxe4 61. Ke2 h5 0-1

[Event "January 2 Late 2024"]
[Site "https://www.chess.com"]
[Date "2024.01.02"]
[Round "1"]
[White "Msellek, Ilyass"]
[Black "Caglar, Sila"]
[Result "1-0"]
[Board "87"]
[TimeControl "180+1"]
[WhiteFideId "675938"]
[BlackFideId "6364063"]
[WhiteElo "2743"]
[BlackElo "2421"]
[WhiteTeam "MAR"]
[BlackTeam "TUR"]
[WhiteClock "0:00:13"]
[BlackClock "0:00:01"]

1. d4 d5 2. c4 dxc4 3. Nf3 Nf6 4. e3 e6 5. Bxc4 a6 6. O-O c5 7. Nc3 Nc6 8. Qe2 b5 9. Bb3 Be7 10. Rd1 Qc7 11. dxc5 O-O 12. e4 Bb7 13. Bg5 Bxc5 14. Rac1 Nd7 15. a4 Na5 16. Ba2 b4 17. Nb1 b3 18. Bxb3 Nxb3 19. Rc3 Na5 20. b4 Bc6 21. bxc5 Bxa4 22. Rd4 Bb5 23. Qe3 Nc6 24. Rd6 f6 25. Bh4 Rfe8 26. Na3 Nde5 27. Nxe5 Nxe5 28. Bg3 Red8 29. Bxe5 fxe5 30. Qd2 Bc6 31. Nc4 Rab8 32. f3 Bb5 33. Nxe5 Rxd6 34. cxd6 Qd8 35. d7 Bxd7 36. Nxd7 Rb1+ 37. Kf2 h6 38. g3 Qa8 39. Qd4 a5 40. Rc2 Rb7 41. Nb6 Qb8 42. Rc8+ Qxc8 43. Nxc8 Rb1 44. Qd8+ 1-0